 Dungeon Crawl Stone Soup version 0.30.1-9-gdf580d7c3d (webtiles) character file.

Game seed: 3219517193615721580

356 lonewolfV2 the Trooper (level 6, 0/57 HPs)
             Began as a Minotaur Fighter on Oct 23, 2023.
             Was a Follower of Okawaru.
             Killed from afar by an orc wizard (8 damage)
             ... with a puff of flame
             ... on level 4 of the Dungeon.
             The game lasted 00:05:58 (3227 turns).

lonewolfV2 the Trooper (Minotaur Fighter)           Turns: 3227, Time: 00:05:58

Health: 0/57       AC:  8    Str: 23    XL:     6   Next: 36%
Magic:  7/7        EV:  8    Int:  5    God:    Okawaru [*.....]
Gold:   284        SH:  0    Dex:  9    Spells: 5/5 levels left

rFire   . . .        a - +0 war axe
rCold   + . .        s - +1 kite shield
rNeg    . . .        b - +0 scale mail
rPois   .            (helmet restricted)
rElec   .            (no cloak)
rCorr   +            (no gloves)
SInv    .            o - +0 pair of boots
Will    .....        (no amulet) Stlth
                     k - ring of resist corrosion
HPRegen 0.29/turn    j - ring of protection from cold
MPRegen 0.10/turn

%: no passive effects
@: confused, mighty, lethally poisoned (0 -> -15), ambrosia-drunk
A: horns 2, retaliatory headbutt
a: Renounce Religion, Heroism


You were on level 4 of the Dungeon.
You worshipped Okawaru.
Okawaru was aware of your devotion.
You visited 1 branch of the dungeon, and saw 4 of its levels.

You collected 284 gold pieces.

Inventory:

Hand Weapons
 a - a +0 war axe (weapon)
Armour
 b - a +0 scale mail (worn)
 o - a +0 pair of boots (worn)
 s - a +1 kite shield (worn)
Jewellery
 j - a ring of protection from cold (right hand)
 k - a ring of resist corrosion (left hand)
Scrolls
 c - a scroll of enchant weapon {unknown}
 e - 3 scrolls of fog
 f - 2 scrolls of identify
 r - a scroll of blinking
Potions
 g - 4 potions of mutation
 h - 2 potions of attraction
 l - a potion of berserk rage {unknown}
 m - a potion of resistance {unknown}
 n - a potion of lignification
 q - a potion of brilliance
 t - a potion of curing {unknown}


   Skills:
 + Level 6.0 Fighting
 + Level 5.3 Axes
 - Level 3.6 Armour
 - Level 3.6 Shields
 * Level 2.9 Invocations


You had 5 spell levels left.
You didn't know any spells.
Your spell library contained the following spells:

 Spells                   Type           Power      Damage    Failure   Level
 Blink                    Tloc           0%         N/A       99%         2
 Manifold Assault         Tloc           0%         N/A       100%        4
 Storm Form               Tmut/Air       0%         N/A       100%        7


Dungeon Overview and Level Annotations

Branches:
Dungeon (4/15)
 Temple: D:4-7

Altars:
Ashenzari
Okawaru


Innate Abilities, Weirdness & Mutations

You have a pair of horns on your head.
You reflexively headbutt those who attack you in melee.


Message History

You hear some strange, mumbled words.
Something tries to affect you, but you resist.
You miss something.
You feel very sick. Something hits you but does no damage.
You are more poisoned.
You closely miss something. Your headbutt misses something.
* * * LOW HITPOINT WARNING * * *
You feel very sick. Something hits you.
* * * LOW HITPOINT WARNING * * *
You are lethally poisoned!
You hear some strange, mumbled words.
A magic dart appears from out of thin air!
The magic dart hits you.
* * * LOW HITPOINT WARNING * * *
You are confused.
You feel invigorated.
* * * LOW HITPOINT WARNING * * *
You feel very sick. Something hits you but does no damage.
You are more poisoned.
You are too confused!
You feel very mighty all of a sudden.
* * * LOW HITPOINT WARNING * * *
You feel very sick.
You hear some strange, mumbled words.
Something tries to affect you, but you resist.
You bump into the rock wall.
* * * LOW HITPOINT WARNING * * *
You feel very sick. Something hits you but does no damage.
You are more poisoned.
You closely miss something. Your headbutt misses something.
* * * LOW HITPOINT WARNING * * *
You feel extremely sick.
You hear some strange, mumbled words.
A puff of flame appears from out of thin air!
The puff of flame hits you!
You die...

#.# #.....##
###.# #.... #
#...# .... #
#.#.# ...... #
#.#.###..... #
#.#........ ###
#.#.###.... #..
#.#####.#........
#.#
#..o{@".#.###.#..
#.#
#########..##.#
.#.# #.....#
#.#.#
#.##..####.#.#
#.##.......#.#
#.####...#<#.#
#..........#.#
########.#.#.#
#<..#..


You could see an orc.

Vanquished Creatures
  A phantom (D:4)
  2 orc priests (D:2)
  An orc wizard (D:4)
  An iguana (D:4)
  5 adders
  5 worms
  4 dart slugs
  7 orcs
  5 ball pythons
  10 endoplasms
  6 giant cockroaches
  7 hobgoblins
  3 jackals (D:1)
  8 quokkas
  6 bats
  6 frilled lizards
  10 goblins
  5 kobolds
  2 rats
94 creatures vanquished.

Notes
Turn   | Place    | Note
-------+----------+-------------------------------------------
     0 | D:1      | lonewolfV2 the Minotaur Fighter began the quest for the
                  | Orb.
     0 | D:1      | Reached XP level 1. HP: 19/19 MP: 0/0
   232 | D:1      | Reached skill level 4 in Fighting
   232 | D:1      | Reached XP level 2. HP: 26/27 MP: 1/1
  1126 | D:2      | Reached XP level 3. HP: 34/34 MP: 2/2
  1536 | D:2      | Reached skill level 5 in Fighting
  1536 | D:2      | Reached XP level 4. HP: 25/42 MP: 3/3
  1713 | D:2      | Found a faded altar of an unknown god.
  1755 | D:2      | Prayed at the altar of an unknown god.
  1755 | D:2      | Became a worshipper of Warmaster Okawaru
  1755 | D:2      | Reached * piety under Okawaru
  2143 | D:3      | Reached XP level 5. HP: 42/48 MP: 4/4
  2204 | D:3      | You fall into a shaft and drop 1 floor!
  2295 | D:3      | Reached skill level 1 in Invocations
  2687 | D:4      | Reached skill level 5 in Axes
  2918 | D:4      | Reached XP level 6. HP: 57/57 MP: 6/6
  2985 | D:4      | Found a broken altar of Ashenzari.
  3103 | D:4      | Reached skill level 6 in Fighting
  3227 | D:4      | Killed from afar by an orc wizard

Illustrated notes

Levels and vault maps discovered:
D:1:      evilmike_arrival_rings, layout_basic
D:2:      layout_basic, basic_ecumenical_altar, minmay_misc_feat_pillars
D:3:      layout_rooms
D:4:      layout_basic, ashenzari_conservatory_becter, minmay_pentangle

Skill      XL: |  1  2  3  4  5  6 |
---------------+-------------------+-----
Fighting       | 4 5 6 |  6.0
Axes           | 3 4 5 |  5.3
Invocations    | 2 |  2.9
Armour         | |  3.6
Shields        | |  3.6

Action                     |  1- 3 |  4- 6 || total
---------------------------+-------+-------++-------
  Melee: War axe           |    66 |   132 ||   198
         Headbutt          |     7 |    18 ||    25
 Invoke: Heroism           |       |     1 ||     1
    Use: Scroll            |     7 |     9 ||    16
         Potion            |       |     2 ||     2
 Armour: Scale mail        |    29 |    64 ||    93
  Dodge: Dodged            |    24 |    56 ||    80
  Block: Buckler           |    15 |    13 ||    28
         Kite shield       |       |    39 ||    39
